 Seeded DCSS version 0.32-a0-999-gfa1cc04b1d (webtiles) character file.

Game seed: 202404245 (custom seed)

133 Orlauf the Chopper (level 4, -8/35 HPs)
             Began as a Demonspawn Gladiator on Apr 24, 2024.
             Mangled by a gnoll
             ... wielding a +0 halberd
              (11 damage)
             ... on level 3 of the Dungeon.
             The game lasted 00:03:51 (2225 turns).

Orlauf the Chopper (Demonspawn Gladiator)           Turns: 2225, Time: 00:03:52

Health: -8/35      AC: 12    Str: 16    XL:     4   Next: 94%
Magic:  4/4        EV:  4    Int:  9    God:
Gold:   145        SH:  0    Dex: 14    Spells: 3/3 levels left

rFire   . . .        a - +0 war axe
rCold   . . .        (no shield)
rNeg    . . .        k - +0 plate armour
rPois   .            c - +1 helmet
rElec   .            (no cloak)
rCorr   .            (no gloves)
SInv    .            (no boots)
Will    .....        (no amulet) Stlth
                     (no ring)
HPRegen 0.25/turn    (no ring)
MPRegen 0.09/turn

%: no passive effects
@: no status effects
A: claws 2
a: no special abilities


You were on level 3 of the Dungeon.
You visited 1 branch of the dungeon, and saw 3 of its levels.

You collected 145 gold pieces.

Inventory:

Hand Weapons
 a - a +0 war axe (weapon)
 b - the +5 whip of the Vestibule of Hell {freeze, SInv}
   (You found it on level 3 of the Dungeon)

   SInv:      It lets you see invisible.
Missiles
 d - a throwing net (quivered)
 e - a javelin
 i - 11 poisoned darts
Armour
 c - a +1 helmet (worn)
 k - a +0 plate armour (worn)
Potions
 h - 3 potions of curing
 l - 5 potions of mutation
 m - a potion of cancellation {unknown}


   Skills:
 + Level 3.3 Fighting
 * Level 4.5 Axes
 - Level 1.7 Throwing
 - Level 2.6 Dodging


You had 3 spell levels left.
You didn't know any spells.
Your spell library contained the following spells:

 Spells                   Type           Power      Damage    Failure   Level
 Slow                     Hex            0%         N/A       100%        1
 Confusing Touch          Hex            0%         N/A       100%        3
 Fugue of the Fallen      Necr           0%         N/A       100%        3
 Ozocubu's Armour         Ice            0%         N/A       100%        3
 Vampiric Draining        Necr           0%         2d6       100%        3
 Manifold Assault         Tloc           0%         N/A       100%        7


Dungeon Overview and Level Annotations

Branches:
Dungeon (3/15)

Altars:


Innate Abilities, Weirdness & Mutations

You have very sharp fingernails.


Message History

The gnoll hits you from afar with a +0 spear.
You are too injured to fight recklessly!
You are too injured to fight recklessly!
You are too injured to fight recklessly!
You are too injured to fight recklessly!
You are too injured to fight recklessly!
You are too injured to fight recklessly!
You are too injured to fight recklessly!
You are too injured to fight recklessly!
You are too injured to fight recklessly!
You hit the gnoll.
You kill the gnoll!
The gnoll hits you but does no damage. The orc completely misses you.
The gnoll hits you but does no damage.
You closely miss the gnoll. You closely miss the orc.
The gnoll hits you with a +0 spear. The orc hits you but does no damage.
You closely miss the gnoll. You hit the orc. The gnoll barely misses you.
The gnoll hits you but does no damage. The orc hits you with a +0 falchion.
The gnoll completely misses you. The gnoll hits you with a +0 spear.
* * * LOW HITPOINT WARNING * * *
You completely miss the gnoll. You hit the orc.
You kill the orc!
The gnoll hits you from afar with a +0 halberd.
* * * LOW HITPOINT WARNING * * *
The gnoll hits you but does no damage.
You feel better. The gnoll hits you but does no damage.
The gnoll hits you with a +0 spear.
You hit the gnoll but do no damage. The gnoll hits you with a +0 spear.
* * * LOW HITPOINT WARNING * * *
The gnoll hits you from afar with a +0 halberd!
* * * LOW HITPOINT WARNING * * *
Unknown command.
Throw: 2 throwing nets
Press: ? - help, Q - select action, (/) - cycle Shift-Dir - straight line, f - gnoll
Aim: a gnoll, wielding a +0 spear (60% to hit)
You throw a throwing net. The throwing net hits the gnoll.
The gnoll is caught in the net!
The gnoll struggles against the net.
The gnoll hits you from afar with a +0 halberd!
You die...

#...........##.##.#.....).'...'.
###...............#.......#...#.
#####..#.###.##.##.....##...##
######......###.##.###...###...##
...................# ##### #...#
######.#......#.##.# #...#
#.#......#.##.# #...#
#.#......#.##.# #...#
#.#...)....@).# +...+
#.#.......g##g# #...#
###.#........##.# #...#
#.#.#...........# #...#
#.#.####.##.....# #### #...#
##.#.####.##.....# #...# #...#
#....)...........# .....##...#
##...............# ......#...#g
#.###....##.....# .$...g'...'.


You could see 2 gnolls.

Vanquished Creatures
  2 gnolls (D:3)
  5 adders
  3 dart slugs (D:3)
  2 ribbon worms (D:3)
  2 orcs (D:3)
  2 endoplasms (D:1)
  3 giant cockroaches
  3 hobgoblins
  6 kobolds
  A quokka (D:2)
  5 ball pythons
  10 bats
  A frilled lizard (D:1)
  9 goblins
  4 rats
58 creatures vanquished.

Notes
Turn   | Place    | Note
-------+----------+-------------------------------------------
     0 | D:1      | Orlauf the Demonspawn Gladiator began the quest for the
                  | Orb.
     0 | D:1      | Reached XP level 1. HP: 16/16 MP: 1/1
   173 | D:1      | Reached skill level 3 in Axes
   202 | D:1      | Gained mutation: You have sharp fingernails. [demonic
                  | ancestry]
   202 | D:1      | Reached XP level 2. HP: 22/22 MP: 2/2
   484 | D:1      | Found a faded altar of an unknown god.
   796 | D:2      | Reached XP level 3. HP: 28/28 MP: 3/3
  1173 | D:2      | Reached skill level 4 in Axes
  1173 | D:2      | Gained mutation: You have very sharp fingernails. [demonic
                  | ancestry]
  1173 | D:2      | Reached XP level 4. HP: 34/34 MP: 4/4
  1875 | D:3      | Identified the +5 whip of the Vestibule of Hell {freeze,
                  | SInv}
  2225 | D:3      | Mangled by a gnoll

Illustrated notes

Levels and vault maps discovered:
D:1:      lordsloth_arrival_two_stooges, layout_basic,
          dreamdust_ecumenical_altar_hidden_monk_grotto,
          hangedman_decor_riveting
D:2:      layout_basic
D:3:      kennysheep_six_static_rooms, layout_basic

Skill      XL: |  1  2  3  4 |
---------------+-------------+-----
Axes           | 3 4 |  4.5
Fighting       | 3 |  3.3
Throwing       | |  1.7
Dodging        | |  2.6

Action                     |  1- 3 |  4- 6 || total
---------------------------+-------+-------++-------
  Melee: War axe           |    90 |   107 ||   197
  Throw: Throwing net      |       |     2 ||     2
    Use: Scroll            |     3 |     5 ||     8
         Potion            |       |     2 ||     2
 Armour: Scale mail        |    42 |       ||    42
         Chain mail        |    45 |    24 ||    69
         Plate armour      |       |   118 ||   118
  Dodge: Dodged            |    47 |    37 ||    84

Table legend: (Time is in decaauts)
 A = Elapsed time spent in this place.
 B = Non-inter-level travel time spent in this place.
 C = Inter-level travel time spent in this place.
 D = Time resting spent in this place.
 E = Time spent auto-exploring this place.
 F = Levels seen in this place.
 G = Mean time per level.
                   A        B        C        D        E       F      G
               +--------+--------+--------+--------+--------+-----+--------+
         Total |   2285 |   2228 |     57 |    153 |   1508 |   3 |  761.7 |
       Dungeon |   2285 |   2228 |     57 |    153 |   1508 |   3 |  761.7 |
               +--------+--------+--------+--------+--------+-----+--------+

Top non-repeatable levels by time:
     D:3: 824 daAuts
     D:2: 730 daAuts
     D:1: 730 daAuts
